 Dungeon Crawl Stone Soup version 0.28-a0-779-g3d1f99b579 (webtiles) character file.

Game seed: 16556646381046871110

987 ytrimaz the Grave Robber (level 7, -3/46 HPs)
             Began as a Demonspawn Necromancer on Nov 2, 2021.
             Was a Believer of Yredelemnul.
             Slain by a vampire (4 damage)
             ... on level 4 of the Dungeon.
             The game lasted 00:10:44 (6169 turns).

ytrimaz the Grave Robber (Demonspawn Necromancer)   Turns: 6169, Time: 00:10:45

Health: -3/46      AC:  8    Str:  8    XL:     7   Next: 97%
Magic:  33/33      EV: 12    Int: 18    God:    Yredelemnul [**....]
Gold:   152        SH:  0    Dex: 14    Spells: 13/17 levels left

rFire   . . .      SeeInvis .   q - +2 dagger (venom)
rCold   . . .      Faith    .   (no shield)
rNeg    . . .      Spirit   .   a - +0 robe
rPois   .          Reflect  .   (no helmet)
rElec   .          Harm     .   (no cloak)
rCorr   .          Rampage  .   (no gloves)
Will    .....                   (no boots)
Stlth   +.........              (no amulet)
HPRegen 0.15/turn               c - ring of magical power
MPRegen 0.23/turn               g - ring of magical power

@: confused, mighty, sanguine armoured, flying (expiring)
A: hooves 1, powered by death 2, powered by pain 1, sanguine armour 1
a: Renounce Religion, Animate Remains, Recall Undead Slaves, Injury Mirror


You were on level 4 of the Dungeon.
You worshipped Yredelemnul.
Yredelemnul was pleased with you.
You visited 2 branches of the dungeon, and saw 6 of its levels.

You collected 152 gold pieces.

Inventory:

Hand Weapons
 q - a +2 dagger of venom (weapon)
Armour
 a - a +0 robe (worn)
Jewellery
 c - a ring of magical power (left hand)
 g - a ring of magical power (right hand)
Wands
 j - a wand of digging (4)
Scrolls
 b - a scroll of fog
Potions
 e - a potion of lignification {unknown}
 f - 2 potions of curing
 h - a potion of flight
 k - a potion of ambrosia {unknown}
 p - a potion of invisibility {unknown}


   Skills:
 - Level 1.7 Dodging
 - Level 1.7 Stealth
 + Level 5.6 Spellcasting
 + Level 7.7 Necromancy
 * Level 5.2 Invocations


You had 13 spell levels left.
You knew the following spells:

 Your Spells              Type           Power      Damage    Failure   Level
a - Pain                  Necr           100%       1d9       1%          1
b - Vampiric Draining     Necr           32%        2d8       1%          3

Your spell library contained the following spells:

 Spells                   Type           Power      Damage    Failure   Level
 Animate Skeleton         Necr           64%        N/A       1%          1
 Animate Dead             Necr           16%        N/A       5%          4
 Agony                    Necr           32%        N/A       14%         5


Dungeon Overview and Level Annotations

Branches:
Dungeon (5/15)             Temple (1/1) D:5

Altars:
Ashenzari
Cheibriados
Dithmenos
Elyvilon
Gozag
Kikubaaqudgha
Makhleb
Okawaru
Qazlal
Ru
Sif Muna
Trog
Uskayaw
Vehumet
Wu Jian
Yredelemnul
Zin
The Shining One

Shops:
D:3 ==[(


Innate Abilities, Weirdness & Mutations

You have large cloven feet.
You regenerate health from kills.
You sometimes gain a little power by taking damage.
When seriously injured, your bleeding wounds create armour. (AC +6)


Message History

Your water moccasin skeleton bites something but does no damage.
You hear some strange, mumbled words.
Something tries to affect you, but you resist.
Something is attracted toward you.
There is an escape hatch in the ceiling here.
Something hits you!
Your blood congeals into armour.
Something bites you but does no damage. A mysterious force pulls you upwards.
The hatch slams shut behind you.
Reactivating autopickup.
You start resting.
Something barely misses you. Something bites you!
Something draws strength from your injuries!
Deactivating autopickup; reactivate with Ctrl-A.
Unknown command.
Something is attracted toward you. Something hits you. Something bites you!
* * * LOW HITPOINT WARNING * * *
Something draws strength from your injuries!
Blink to where?
Press: ? - help, Dir - move target
As you read the scroll of blinking, it crumbles to dust.
Something tries to affect you, but you resist.
Something is attracted toward you. Something is attracted toward you.
You feel less attractive to monsters.
A vampire appears from thin air!
Reactivating autopickup.
You are starting to lose your buoyancy.
The vampire casts a spell at you.
You are confused.
You bump into the stone wall.
You're too confused to cast spells.
You hit the vampire but do no damage.
The vampire hits you but does no damage.
The vampire bites you!
* * * LOW HITPOINT WARNING * * *
The vampire draws strength from your injuries!
You're too confused to cast spells.
The vampire barely misses you. The vampire bites you.
You die...
Your body rises from the dead as a mindless zombie.

#...######.....#+####.#########
#........#.....#..............+
#........#.....#..............#
#........#.....#..............#
#########'#.....###########'####
#.............................##
#..............#######........#.
#.............#V.≈≈≈..#.......#.
#............#.@≈...≈..#......#.
#...........#...≈._.≈...#.....##
####'####'##.#..≈...≈..#.......#
#............#..≈≈≈..#.#......#
#.............#######..#......#
#......................#......#
#.....##......##########......'
########......#...............#
#.......'...............#


You could see a vampire.

Vanquished Creatures
  Sigmund (D:2)
  A sky beast (D:4)
  2 ogres
  2 scorpions
  A jelly (D:4)
  Natasha (thrice) (D:3)
  A killer bee zombie (D:5)
  A hound skeleton (D:4)
  5 adders
  2 ufetubi (D:4)
  3 worms
  A dart slug (D:4)
  2 orcs
  6 bats
  4 endoplasms
  4 giant cockroaches
  7 goblins
  6 hobgoblins
  3 jackals (D:1)
  3 quokkas
  7 ball pythons
  5 frilled lizards
  4 kobolds
  2 rats
76 creatures vanquished.

Vanquished Creatures (collateral kills)
  An ice beast (D:5)
  An ogre (D:5)
  A frilled lizard (D:1)
3 creatures vanquished.

Vanquished Creatures (others)
  An ogre zombie (D:5)
  A giant cockroach zombie (D:1)
  An ogre skeleton (D:5)
3 creatures vanquished.

Grand Total: 82 creatures vanquished

Notes
Turn   | Place    | Note
-------+----------+-------------------------------------------
     0 | D:1      | ytrimaz the Demonspawn Necromancer began the quest for the
                  | Orb.
     0 | D:1      | Reached XP level 1. HP: 13/13 MP: 3/3
   238 | D:1      | Found a faded altar of an unknown god.
   245 | D:1      | Prayed at the altar of an unknown god.
   245 | D:1      | Became a worshipper of Yredelemnul the Dark
   245 | D:1      | Reached * piety under Yredelemnul
   327 | D:1      | Gained mutation: You have large cloven feet. [demonic
                  | ancestry]
   327 | D:1      | Reached XP level 2. HP: 8/19 MP: 0/5
   910 | D:1      | Reached skill level 5 in Necromancy
  1045 | D:1      | Reached skill level 1 in Invocations
  1795 | D:1      | Reached XP level 3. HP: 3/24 MP: 5/6
  2086 | D:2      | Learned a level 3 spell: Vampiric Draining
  2306 | D:2      | Noticed Sigmund
  2321 | D:2      | Killed Sigmund
  2322 | D:2      | Gained mutation: When seriously injured, your bleeding
                  | wounds create armour. (AC +6) [demonic ancestry]
  2322 | D:2      | Reached XP level 4. HP: 19/30 MP: 0/9
  2322 | D:2      | Gained mutation: You sometimes gain a little power by
                  | taking damage. [demonic ancestry]
  2322 | D:2      | Reached XP level 5. HP: 23/35 MP: 0/10
  2509 | D:2      | Reached skill level 6 in Necromancy
  2951 | D:3      | Reached ** piety under Yredelemnul
  3020 | D:3      | Found an ornate altar of the Wu Jian Council.
  3020 | D:3      | Found a bloodstained altar of Trog.
  3021 | D:3      | Found a radiant altar of Vehumet.
  3021 | D:3      | Found a broken altar of Ashenzari.
  3081 | D:3      | Noticed Natasha
  3086 | D:3      | Killed Natasha
  3163 | D:3      | Noticed Natasha
  3168 | D:3      | Killed Natasha
  3169 | D:3      | Gained mutation: You regenerate a little health from kills.
                  | [demonic ancestry]
  3169 | D:3      | Reached XP level 6. HP: 24/41 MP: 12/12
  3299 | D:3      | Found Jimeaplu's Armour Shop.
  3326 | D:3      | Found Dases's Antique Weapon Emporium.
  3337 | D:3      | Noticed a +0 dagger
  3337 | D:3      | Noticed a +0 short sword
  3338 | D:3      | Noticed a +0 spear
  3338 | D:3      | Noticed a +0 falchion
  3339 | D:3      | Noticed a +0 dagger
  3339 | D:3      | Noticed a +0 spear
  3340 | D:3      | Noticed a +0 short sword
  3340 | D:3      | Noticed a +0 falchion
  3462 | D:3      | Found a hide-covered altar of Uskayaw.
  3596 | D:3      | Found Hairoliw's Jewellery Emporium.
  3666 | D:3      | Found Pioq's Jewellery Boutique.
  3667 | D:3      | Noticed Natasha
  3679 | D:3      | Killed Natasha
  4312 | D:4      | Found a sacrificial altar of Ru.
  4926 | D:4      | Noticed a sky beast
  4936 | D:4      | Killed a sky beast
  4937 | D:4      | Gained mutation: You regenerate health from kills. [demonic
                  | ancestry]
  4937 | D:4      | Reached XP level 7. HP: 26/46 MP: 14/14
  4941 | D:4      | Found an iron altar of Okawaru.
  5098 | D:4      | Found a burning altar of Makhleb.
  5107 | D:4      | Reached skill level 5 in Spellcasting
  5107 | D:4      | Reached skill level 7 in Necromancy
  5266 | D:5      | Entered Level 5 of the Dungeon
  5421 | D:5      | HP: 2/46 [ogre (30)]
  5737 | D:5      | Reached skill level 5 in Invocations
  5862 | D:5      | Found a staircase to the Ecumenical Temple.
  5899 | D:5      | Noticed a vampire
  5918 | Temple   | Entered the Ecumenical Temple
  6168 | D:4      | HP: 1/46 [vampire (7)]
  6169 | D:4      | Slain by a vampire

Illustrated notes

Levels and vault maps discovered:
D:1:      beargit_arrival_diablo_church, layout_basic,
          chequers_ecumenical_altar_simple_redux
D:2:      layout_loops_cross, uniq_sigmund
D:3:      layout_rooms, nicolae_uskayaw_en_pointe,
          chequers_temple_overflow_statue_of_worship, serial_shops,
          nicolae_shop_trees, shop, shop, nicolae_shop_overgrown_old_shop,
          chequers_serial_rivers_large_b, uniq_natasha
D:4:      layout_gridville, nicolae_ru_awakened_eye, bloody_makhleb,
          kennysheep_mini
D:5:      layout_loops_cross, minmay_temple_entry_mini_moons
Temple:   zaba_magenta_temple

Skill      XL: |  1  2  3  4  5  6  7 |
---------------+----------------------+-----
Necromancy     | 5 6 7 |  7.7
Invocations    | 1 2 3 4 5 |  5.2
Spellcasting   | 3 4 5 |  5.6
Dodging        | |  1.7
Stealth        | |  1.7

Action                   |  1- 3 |  4- 6 |  7- 9 || total
-------------------------+-------+-------+-------++-------
Melee: Unarmed           |     9 |    15 |       ||    24
       Kick              |     3 |    10 |     3 ||    16
       Dagger            |       |    29 |    22 ||    51
 Cast: Pain              |    59 |    84 |    18 ||   161
       Vampiric Draining |     5 |     7 |     3 ||    15
Invok: Animate Remains   |     1 |     4 |     2 ||     7
       Recall Undead Sla |       |     3 |       ||     3
  Use: Scroll            |       |     6 |     4 ||    10
       Potion            |       |       |     4 ||     4
Armor: Robe              |     4 |    36 |     4 ||    44
Dodge: Dodged            |    27 |    81 |    30 ||   138

Table legend: (Time is in decaauts)
 A = Elapsed time spent in this place.
 B = Non-inter-level travel time spent in this place.
 C = Inter-level travel time spent in this place.
 D = Time resting spent in this place.
 E = Time spent auto-exploring this place.
 F = Levels seen in this place.
 G = Mean time per level.
                   A        B        C        D        E       F      G
               +--------+--------+--------+--------+--------+-----+--------+
         Total |   6193 |   6085 |    108 |   1831 |   3382 |   6 | 1032.2 |
       Dungeon |   5992 |   5902 |     90 |   1703 |   3337 |   5 | 1198.4 |
        Temple |    201 |    183 |     18 |    128 |     45 |   1 |  201.0 |
               +--------+--------+--------+--------+--------+-----+--------+

Top non-repeatable levels by time:
     D:1: 1827 daAuts
     D:4: 1421 daAuts
     D:2: 1095 daAuts
     D:3: 969 daAuts
     D:5: 679 daAuts
  Temple: 201 daAuts
